 Dungeon Crawl Stone Soup version 0.25-a0-420-g1cc7eeb0d1 (webtiles) character file.

Game seed: 6970523552198504007, levelgen mode: deterministic

159 ReteAZ the Chopper (level 5, -10/45 HPs)
             Began as a Minotaur Monk on Jan 19, 2020.
             Mangled by Edmund
             ... wielding a +8 flail of draining
              (11 damage)
             ... on level 4 of the Dungeon.
             The game lasted 00:02:38 (2160 turns).

ReteAZ the Chopper (Minotaur Monk)                  Turns: 2160, Time: 00:02:39

Health: -10/45     AC:  7    Str: 17    XL:     5   Next: 17%
Magic:  4/4        EV: 11    Int:  7    God:
Gold:   216        SH:  0    Dex: 12    Spells: 4/4 levels left

rFire    . . .     SeeInvis .   a - +0 hand axe
rCold    . . .     Gourm    .   (no shield)
rNeg     . . .     Faith    .   d - +0 ring mail
rPois    .         Spirit   .   (helmet restricted)
rElec    .         Reflect  .   f - +0 cloak
rCorr    .         Harm     .   (no gloves)
MR       .....                  n - +0 pair of boots
Stlth    +.........             (no amulet)
HPRegen  0.15/turn              (no ring)
MPRegen  0.09/turn              (no ring)

@: heavily drained
A: retaliatory headbutt, horns 2
a: no special abilities


You were on level 4 of the Dungeon.
You were not hungry.

You visited 2 branches of the dungeon, and saw 5 of its levels.

You collected 216 gold pieces.

Inventory:

Hand Weapons
 a - a +0 hand axe (weapon)
Missiles
 m - 3 javelins (quivered)
Armour
 b - a +0 robe
 d - a +0 ring mail (worn)
 f - a +0 cloak (worn)
 n - a +0 pair of boots (worn)
Jewellery
 k - a +6 ring of strength {unknown}
Scrolls
 e - a scroll of amnesia {unknown}
 h - 4 scrolls of identify {unknown}
 i - 2 scrolls of fog {unknown}
 j - 2 scrolls of teleportation {unknown}
 l - a scroll of remove curse {unknown}
Potions
 g - 2 potions of curing {unknown}
Comestibles
 c - 5 rations
 o - a chunk of flesh


   Skills:
 - Level 3.6(1.6) Fighting
 + Level 7.1(5.0) Axes
 - Level 3.2(1.3) Dodging
 - Level 1.5(0.0) Stealth


You had 4 spell levels left.
You didn't know any spells.
Your spell library was empty.

Dungeon Overview and Level Annotations

Branches:
Dungeon (4/15)             Temple (1/1) D:4

Altars:
Ashenzari
Cheibriados
Dithmenos
Elyvilon
Fedhas
Gozag
Hepliaklqana
Kikubaaqudgha
Nemelex Xobeh
Qazlal
Ru
Sif Muna
Uskayaw
Vehumet
Xom
Yredelemnul
The Shining One

Annotations:
D:4 Edmund


Innate Abilities, Weirdness & Mutations

You reflexively headbutt those who attack you in melee.
You have a pair of horns on your head.


Message History

You closely miss Edmund. You headbutt Edmund.
Edmund is heavily wounded.
Edmund hits you with a +8 flail of draining!
* * * LOW HITPOINT WARNING * * *
You feel drained.
* * * LOW HITPOINT WARNING * * *
You hit Edmund.
Edmund is severely wounded.
Edmund hits you with a +8 flail of draining.
* * * LOW HITPOINT WARNING * * *
You feel drained.
* * * LOW HITPOINT WARNING * * *
You hit Edmund but do no damage.
Edmund is severely wounded.
Edmund hits you but does no damage.
You feel drained.
You closely miss Edmund.
Edmund is severely wounded.
Edmund says, "People accused me of being a cutpurse!"
Edmund hits you with a +8 flail of draining!
You die...

#.# #.# #...####.#
.(. ..# ###...####.#
... ..# #.......##.#
#.. #.# #..........#
#..##.# #.......####
...@# ###...### #l.#
#...#
#..#############.##
#(%...l@@........#
#.....###############
#######


You could see Edmund and an iguana.

Vanquished Creatures
  A crimson imp (D:2)
  5 adders
  An ooze (D:2)
  A worm (D:2)
  2 dart slugs
  A leopard gecko (D:3)
  11 goblins
  5 hobgoblins
  9 jackals
  9 kobolds
  2 quokkas (D:3)
  2 ball pythons
  A ball python skeleton (D:4)
  7 bats
  5 frilled lizards
  5 rats
67 creatures vanquished.

Notes
Turn   | Place    | Note
-------+----------+-------------------------------------------
     0 | D:1      | ReteAZ the Minotaur Monk began the quest for the Orb.
     0 | D:1      | Reached XP level 1. HP: 19/19 MP: 0/0
   184 | D:1      | Reached skill level 4 in Axes
   191 | D:1      | Reached XP level 2. HP: 26/26 MP: 1/1
   455 | D:1      | Reached skill level 5 in Axes
   460 | D:1      | Reached XP level 3. HP: 26/31 MP: 2/2
  1202 | D:2      | Reached skill level 6 in Axes
  1202 | D:2      | Reached XP level 4. HP: 39/39 MP: 3/3
  1383 | D:2      | Found an opulent altar of Gozag.
  1383 | D:2      | Found a shimmering altar of Xom.
  1398 | D:2      | Found a stormy altar of Qazlal.
  1689 | D:3      | Reached XP level 5. HP: 43/45 MP: 4/4
  1755 | D:3      | Reached skill level 7 in Axes
  2004 | D:4      | Found an ancient bone altar of Kikubaaqudgha.
  2007 | D:4      | Found a staircase to the Ecumenical Temple.
  2036 | Temple   | Entered the Ecumenical Temple
  2141 | D:4      | Noticed Edmund
  2158 | D:4      | HP: 2/45 [Edmund/+8 flail of draining (4)]
  2160 | D:4      | Mangled by Edmund

Levels and vault maps discovered:
D:1:      dpeg_arrival_rooms_c, layout_basic, minmay_small_reverse_x
D:2:      layout_loops_ring, gammafunk_temple_overflow_claw
D:3:      layout_basic, first_ration
D:4:      layout_loops_corners, old_standard_altar, trog_eyes_of_draining,
          minmay_temple_entry_overgrown, serial_shops, shop, uniq_edmund
Temple:   cyrus_circular_temple

Skill      XL: |  1  2  3  4  5 |
---------------+----------------+-----
Axes           | 4 5 6 7 |  7.1
Fighting       | |  3.6
Dodging        | |  3.2
Stealth        | |  1.5

Action                   |  1- 3 |  4- 6 || total
-------------------------+-------+-------++-------
Melee: Hand axe          |    92 |    61 ||   153
       Headbutt          |    15 |    10 ||    25
Throw: Javelin           |       |     3 ||     3
  Eat: Chunk             |     1 |     3 ||     4
Armor: Ring mail         |    37 |    22 ||    59
Dodge: Dodged            |    73 |    29 ||   102

Table legend:
 A = Non-vault XP
 B = Vault XP
 C = Vault XP percentage of total XP
 D = Non-vault monster count
 E = Vault monster count
 F = Vault count percentage of total count
                 A         B        C        D         E       F
            +---------+---------+-------+---------+---------+-------
      Total |     219 |       9 |   3.9 |      63 |       4 |   6.0
            +---------+---------+-------+---------+---------+-------
        D:1 |      43 |       9 |  17.3 |      26 |       4 |  13.3
        D:2 |     113 |       0 |   0.0 |      22 |       0 |   0.0
        D:3 |      49 |       0 |   0.0 |      13 |       0 |   0.0
        D:4 |      14 |       0 |   0.0 |       2 |       0 |   0.0
            +---------+---------+-------+---------+---------+-------
